 Dungeon Crawl Stone Soup version 0.30.0-29-ga12c61a403 (webtiles) character file.

Game seed: 5629323916823652421

459 Nicoed the Cleaver (level 7, 0/59 HPs)
             Began as a Hill Orc Fighter on June 23, 2023.
             Slain by Duvessa
             ... wielding a +0 short sword
              (18 damage)
             ... on level 5 of the Dungeon.
             The game lasted 00:02:18 (3349 turns).

Nicoed the Cleaver (Hill Orc Fighter)               Turns: 3349, Time: 00:02:19

Health: 0/59       AC:  7    Str: 21    XL:     7   Next: 6%
Magic:  7/7        EV:  9    Int:  8    God:
Gold:   217        SH:  4    Dex: 10    Spells: 6/6 levels left

rFire   . . .        a - +0 war axe
rCold   + . .        c - +0 buckler
rNeg    . . .        b - +0 scale mail
rPois   +            (no helmet)
rElec   .            (no cloak)
rCorr   .            (no gloves)
SInv    .            (no boots)
Will    .....        D - amulet of faith Stlth
                     w - ring of protection from cold
HPRegen 0.29/turn    j - ring of poison resistance
MPRegen 0.10/turn

%: faith
@: lit by a corona, glowing
A: no striking features
a: no special abilities


You were on level 5 of the Dungeon.
You visited 1 branch of the dungeon, and saw 5 of its levels.
You also visited: Sewer.

You collected 217 gold pieces.

Inventory:

Hand Weapons
 a - a +0 war axe (weapon)
Missiles
 o - 13 poisoned darts (quivered)
Armour
 b - a +0 scale mail (worn)
 c - a +0 buckler (worn)
Jewellery
 j - a ring of poison resistance (right hand)
 w - a ring of protection from cold (left hand)
 D - an amulet of faith (around neck)
Wands
 p - a wand of polymorph (5)
Scrolls
 g - 3 scrolls of vulnerability {unknown}
 h - 3 scrolls of identify {unknown}
 i - 4 scrolls of noise {unknown}
 k - 3 scrolls of enchant weapon {unknown}
 l - a scroll of enchant armour {unknown}
 n - a scroll of teleportation {unknown}
 v - a scroll of fear {unknown}
 y - 2 scrolls of amnesia {unknown}
 A - a scroll of butterflies {unknown}
 B - 2 scrolls of magic mapping {unknown}
 E - a scroll of silence {unknown}
Potions
 d - a potion of might
 e - a potion of curing {unknown}
 f - a potion of attraction {unknown}
 m - 2 potions of invisibility {unknown}
 q - a potion of ambrosia {unknown}
 r - 6 potions of haste {unknown}
 t - a potion of resistance {unknown}
 u - a potion of lignification {unknown}
 x - 2 potions of mutation {unknown}
 z - 3 potions of degeneration {unknown}
 C - 2 potions of brilliance {unknown}
 F - a potion of flight {unknown}
 G - a potion of heal wounds {unknown}
Miscellaneous
 s - a tin of tremorstones (2/2)


   Skills:
 - Level 4.0 Fighting
 + Level 8.8 Axes
 - Level 4.0 Armour
 - Level 4.0 Shields


You had 6 spell levels left.
You didn't know any spells.
Your spell library contained the following spells:

 Spells                   Type           Power      Damage    Failure   Level
 Sandblast                Erth           0%         2d4       80%         1
 Cigotuvi's Dreadful Rot  Necr/Pois/Air  0%         N/A       91%         2
 Passwall                 Tmut/Erth      0%         N/A       91%         2
 Scorch                   Fire           0%         2d5       91%         2
 Ignite Poison            Fire/Tmut/Pois 0%         N/A       99%         3
 Stone Arrow              Conj/Erth      0%         3d7       99%         3
 Flame Wave               Conj/Fire      0%         2d4       100%        4
 Olgreb's Toxic Radiance  Pois           0%         N/A       100%        4
 Freezing Cloud           Conj/Ice/Air   0%         6-21      100%        5
 Summon Cactus Giant      Summ           0%         N/A       100%        6
 Discord                  Hex            0%         N/A       100%        8
 Ignition                 Fire           0%         3d3       100%        8


Dungeon Overview and Level Annotations

Branches:
Dungeon (5/15)              Sewer (visited)
 Temple: D:4-7

Altars:
Kikubaaqudgha

Annotations:
D:5 Dowan, Duvessa


Message History

Dowan is moderately wounded.
You barely miss Dowan.
Dowan is moderately wounded.
Dowan closely misses you.
Unknown command.
Unknown command.
Unknown command.
You slash Duvessa!
Duvessa is moderately wounded.
You closely miss Dowan. You block Duvessa's attack.
Dowan hits you but does no damage.
Unknown command.
You hit Duvessa.
Duvessa is heavily wounded.
You barely miss Dowan.
Duvessa drinks a potion.
Duvessa seems to grow stronger.
Dowan points at Duvessa and mumbles some strange words.
Duvessa seems to speed up.
Unknown command.
You hit Duvessa but do no damage.
Duvessa is heavily wounded.
You hit Dowan but do no damage. Duvessa hits you with a +0 short sword!
Dowan closely misses you. Duvessa hits you with a +0 short sword!
Unknown command.
You hit Duvessa.
Duvessa is heavily wounded.
You hit Dowan. Duvessa closely misses you. Dowan barely misses you.
Unknown command.
You completely miss Duvessa.
Duvessa is heavily wounded.
You barely miss Dowan. Duvessa hits you with a +0 short sword!
Dowan barely misses you. Duvessa hits you with a +0 short sword!
Dowan gestures at you while chanting.
You are outlined in light.
Unknown command.
Unknown command.
You closely miss Duvessa.
Duvessa is heavily wounded.
You barely miss Dowan.
Duvessa hits you with a +0 short sword!!
You die...

.....##...
.?.......
.........
#....... ....
#......# ....
.#......# .....
......ee# #.....
#@# ....#
####.###..... ..
#.<......##..#
......#.........#
...##.##..###..##
##....#...### #
......#.....##..
................
. .##......###...
##


You could see Duvessa (fast, strong) and Dowan.

Vanquished Creatures
  Pargi (Sewer)
  An ogre (D:4)
  A phantom (D:4)
  A sleepcap (D:4)
  An iguana (D:4)
  8 adders
  4 dart slugs
  2 worms
  3 orcs
  5 endoplasms
  4 giant cockroaches
  4 goblins
  2 hobgoblins
  2 jackals (D:4)
  3 quokkas
  6 ball pythons
  7 bats
  A frilled lizard (D:2)
  11 kobolds
  3 rats
70 creatures vanquished.

Notes
Turn   | Place    | Note
-------+----------+-------------------------------------------
     0 | D:1      | Nicoed the Hill Orc Fighter began the quest for the Orb.
     0 | D:1      | Reached XP level 1. HP: 19/19 MP: 1/1
   513 | D:1      | Reached skill level 3 in Axes
   513 | D:1      | Reached XP level 2. HP: 21/27 MP: 2/2
  1015 | D:2      | Found an ancient bone altar of Kikubaaqudgha.
  1023 | D:2      | Reached XP level 3. HP: 33/33 MP: 3/3
  1065 | D:2      | You fall into a shaft and drop 1 floor!
  1193 | D:3      | Found a glowing drain.
  1217 | D:3      | Reached XP level 4. HP: 18/40 MP: 4/4
  1227 | Sewer    | Entered a sewer
  1332 | Sewer    | Reached skill level 4 in Axes
  1362 | Sewer    | Noticed Pargi
  1380 | Sewer    | Killed Pargi
  1381 | Sewer    | Reached skill level 5 in Axes
  1381 | Sewer    | Reached XP level 5. HP: 9/46 MP: 5/5
  1557 | Sewer    | Reached skill level 6 in Axes
  2510 | D:4      | Reached skill level 7 in Axes
  2510 | D:4      | Reached XP level 6. HP: 42/52 MP: 6/6
  2758 | D:4      | Reached skill level 8 in Axes
  3084 | D:4      | Reached XP level 7. HP: 53/59 MP: 7/7
  3272 | D:5      | Entered Level 5 of the Dungeon
  3336 | D:5      | Noticed Dowan
  3339 | D:5      | Noticed Duvessa
  3349 | D:5      | Slain by Duvessa

Illustrated notes

Levels and vault maps discovered:
D:1:      dpeg_arrival_shrine, layout_basic
D:2:      layout_loops_ring, basic_altar
D:3:      layout_rooms, gup_sewer_entry_glass, chequers_serial_rivers_small_b
D:4:      layout_gridville
D:5:      layout_cave_pools, chequers_temple_overflow_minitemple, uniq_duvessa

Skill      XL: |  1  2  3  4  5  6 |
---------------+-------------------+-----
Axes           | 3 5 7 8 |  8.8
Fighting       | 4 |  4.0
Armour         | 4 |  4.0
Shields        | 4 |  4.0

Action                     |  1- 3 |  4- 6 |  7- 9 || total
---------------------------+-------+-------+-------++-------
  Melee: War axe           |    78 |   133 |    14 ||   225
 Armour: Scale mail        |    62 |    66 |     5 ||   133
  Dodge: Dodged            |    56 |    66 |     7 ||   129
  Block: Buckler           |    26 |    36 |     1 ||    63
